 Dungeon Crawl Stone Soup version 0.30.0-13-g156ef70053 (webtiles) character file.

Game seed: 17282810754733225795

97 SnakkuSnakku7 the Vexing (level 4, -4/23 HPs)
             Began as a Vine Stalker Hexslinger on May 18, 2023.
             Slain by an ogre
             ... wielding a +0 giant club
              (22 damage)
             ... on level 2 of the Dungeon.
             The game lasted 00:02:25 (1540 turns).

SnakkuSnakku7 the Vexing (Vine Stalker Hexslinger)  Turns: 1540, Time: 00:02:25

Health: -4/23      AC:  9    Str: 14    XL:     4   Next: 68%
Magic:  0/6        EV:  7    Int: 13    God:
Gold:   106        SH:  0    Dex: 15    Spells: 4/5 levels left

rFire   . .          .
                       - Unarmed
rCold   . . .        (no shield)
rNeg    . . .        k - +0 chain mail
rPois   .            (no helmet)
rElec   .            (no cloak)
rCorr   .            (no gloves)
SInv    .            n - +0 pair of boots
Will    .....        (no amulet) Stlth
                     (no ring)
HPRegen 1.03/turn    (no ring)
MPRegen 0.10/turn

%: guardian spirit
@: no status effects
A: fangs 2, regeneration 1, magic shield, antimagic bite, no potion heal 2
a: no special abilities


You were on level 2 of the Dungeon.
You visited 1 branch of the dungeon, and saw 2 of its levels.

You collected 106 gold pieces.

Inventory:

Hand Weapons
 a - a +1 sling
Armour
 c - a +0 robe
 d - a +0 ring mail
 e - a +0 scale mail
 k - a +0 chain mail (worn)
 n - a +0 pair of boots (worn)
Scrolls
 b - a scroll of poison
 f - 2 scrolls of amnesia {unknown}
 h - 3 scrolls of identify {unknown}
 i - 2 scrolls of teleportation {unknown}
 l - a scroll of immolation {unknown}
 m - a scroll of acquirement {unknown}
 o - a scroll of blinking {unknown}
Potions
 g - 2 potions of attraction {unknown}
 j - 2 potions of degeneration {unknown}
 p - a potion of ambrosia {unknown}


   Skills:
 + Level 2.7 Fighting
 - Level 1.7 Ranged Weapons
 - Level 1.5 Dodging
 + Level 2.8 Unarmed Combat
 - Level 1.1 Spellcasting
 - Level 3.0 Hexes


You had 4 spell levels left.
You knew the following spells:

 Your Spells              Type           Power      Damage    Failure   Level
a - Slow                  Hex            32%        N/A       85%         1

Your spell library contained the following spells:

 Spells                   Type           Power      Damage    Failure   Level
 Inner Flame              Hex/Fire       4%         N/A       100%        3
 Portal Projectile        Hex/Tloc       8%         N/A       100%        3
 Anguish                  Hex/Necr       2%         N/A       100%        4
 Cause Fear               Hex            4%         N/A       100%        4
 Enfeeble                 Hex            4%         N/A       100%        7


Dungeon Overview and Level Annotations

Branches:
Dungeon (2/15)

Altars:


Innate Abilities, Weirdness & Mutations

You have extremely sharp teeth.
Your natural rate of healing is unusually fast.
When hurt, damage is shared between your health and your magic reserves.
Your bite disrupts and absorbs the magic of your enemies.
Potions cannot restore your health.


Message History

An ogre is nearby!
Search for what [? for help]? cur The ogre shouts!
You see here 5 curare-tipped darts.
q - 5 curare-tipped darts Throw: 5 darts (curare)
Press: ? - help, Q - select action, (/) - cycle Shift-Dir - straight line, f - ogre
Aim: an ogre, wielding a +0 giant club (74% to hit)
You throw a curare-tipped dart.
The curare-tipped dart closely misses the ogre.
The ogre barely misses you.
Throw: 4 darts (curare)
Press: ? - help, Q - select action, (/) - cycle Shift-Dir - straight line, f/p - ogre
Aim: an ogre, wielding a +0 giant club (74% to hit)
You throw a curare-tipped dart.
The curare-tipped dart completely misses the ogre.
Unknown command.
Throw: 3 darts (curare)
Press: ? - help, Q - select action, (/) - cycle Shift-Dir - straight line, f/p - ogre
Aim: an ogre, wielding a +0 giant club (74% to hit)
You throw a curare-tipped dart.
The curare-tipped dart barely misses the ogre.
The ogre hits you but does no damage.
Throw: 2 darts (curare)
Press: ? - help, Q - select action, (/) - cycle Shift-Dir - straight line, f/p - ogre
Aim: an ogre, wielding a +0 giant club (74% to hit)
You throw a curare-tipped dart.
The curare-tipped dart barely misses the ogre.
The ogre hits you with a +0 giant club!
Throw: dart (curare)
Press: ? - help, Q - select action, (/) - cycle Shift-Dir - straight line, f/p - ogre
Aim: an ogre, wielding a +0 giant club (74% to hit)
You throw a curare-tipped dart.
The curare-tipped dart barely misses the ogre.
Unknown command.
The ogre attacks as you move away! The ogre barely misses you.
The ogre attacks as you move away!
The ogre hits you with a +0 giant club!!
Ouch! That really hurt!
You die...

### ############### #.#
#.............#########.#
#.###########.#.@.......#
#.# #.#O#######.# #.#
#.#.# #.#
..###########.#.# #.#
...........##.#.# #.#
...........'..#.# #)#
...........####.### #.#
...........##.#...#####.#
...........##..(........#


You could see an ogre.

Vanquished Creatures
  Terence (D:2)
  2 adders (D:2)
  A worm (D:2)
  A dart slug (D:1)
  4 ball pythons
  8 endoplasms
  2 giant cockroaches
  8 goblins
  3 hobgoblins
  4 kobolds
  A quokka (D:2)
  5 bats
  3 frilled lizards (D:1)
  2 rats (D:1)
45 creatures vanquished.

Notes
Turn   | Place    | Note
-------+----------+-------------------------------------------
     0 | D:1      | SnakkuSnakku7 the Vine Stalker Hexslinger began the quest
                  | for the Orb.
     0 | D:1      | Reached XP level 1. HP: 9/9 MP: 3/3
    30 | D:1      | Reached skill level 1 in Fighting
   142 | D:1      | Reached skill level 1 in Unarmed Combat
   142 | D:1      | Reached XP level 2. HP: 6/14 MP: 2/4
   382 | D:1      | Reached XP level 3. HP: 9/18 MP: 2/5
   742 | D:2      | Gained mutation: Your natural rate of healing is unusually
                  | fast. [Vine Stalker growth]
   742 | D:2      | Reached XP level 4. HP: 13/23 MP: 6/6
   773 | D:2      | Noticed Terence
   817 | D:2      | Killed Terence
  1307 | D:2      | Noticed an ogre
  1540 | D:2      | Slain by an ogre

Illustrated notes

Levels and vault maps discovered:
D:1:      dpeg_arrival_pits, layout_basic, amethyst_killhole
D:2:      layout_basic, uniq_terence

Skill      XL: |  1  2  3 |
---------------+----------+-----
Fighting       | 1 2 |  2.7
Unarmed Combat | 1 2 |  2.8
Ranged Weapons | |  1.7
Dodging        | |  1.5
Spellcasting   | |  1.1
Hexes          | |  3.0

Action                     |  1- 3 |  4- 6 || total
---------------------------+-------+-------++-------
  Melee: Unarmed           |   132 |    76 ||   208
         Bite              |    38 |    24 ||    62
         Punch             |       |     1 ||     1
   Fire: Sling             |     1 |       ||     1
  Throw: Dart              |       |     5 ||     5
 Armour: Scale mail        |    56 |    11 ||    67
         Ring mail         |     5 |       ||     5
         Chain mail        |       |    17 ||    17
  Dodge: Dodged            |    56 |    34 ||    90
